AoeStats
← Charlitos22

Arena

506489405Analyzed
1v1 RM · 19d ago on Sep 13, 2026· 41m 22s· 2 players
Game mode
Random Map
Map size
Tiny (2 player)
Population
200
Speed
Normal
Resources
Standard
Victory
Conquest
Starting age
Dark Age
Ending age
Imperial Age
RankedLock teamsTeams togetherTeam positionsShared explorationLock speedFull tech treeHidden civsTurbo modeCheats
Victory
Defeat
🇨🇱 Aztecs · Chile
656
+16
🇪🇸 Britons · Spain
651
-16
javizambrana82
11:58 Feudal Age
17:06 Castle Age
15:21 Stone Mining
15:24 Double-Bit Axe
15:45 Horse Collar
16:22 Gold Mining
16:59 Loom
17:07 Town Watch
29:09 Gold Shaft Mining
29:00 Ballistics
28:36 Murder Holes
33:52 Imperial Age
32:01 Wheelbarrow
31:23 Fletching
31:42 Padded Archer Armor
32:04 Yeomen
32:21 Bodkin Arrow
32:59 Leather Archer Armor
33:08 Bow Saw
35:15 Hoardings
35:04 Bracer
35:40 Conscription
36:00 Light Cavalry
36:41 Husbandry
37:17 Ring Archer Armor
39:12 Scale Barding Armor
39:18 Forging
39:22 Warwolf
Charlitos22
10:41 Feudal Age
15:24 Castle Age
14:12 Double-Bit Axe
17:01 Town Watch
17:02 Loom
20:25 Fervor
22:43 Stone Mining
22:47 Gold Mining
24:55 Wheelbarrow
25:25 Bow Saw
24:59 Horse Collar
26:14 Stone Shaft Mining
26:16 Gold Shaft Mining
26:26 Town Patrol
26:44 Treadmill Crane
31:01 Imperial Age
29:53 Ballistics
29:07 Pikeman
29:10 Eagle Warrior
30:27 Hand Cart
30:31 Fletching
30:53 Heavy Plow
31:42 Bodkin Arrow
33:02 Atlatl
34:34 Capped Ram
34:42 Man-at-Arms
35:08 Gambesons
36:36 Garland Wars
39:33 Forging
39:24 Scale Mail Armor
39:25 Bracer
39:25 Padded Archer Armor
39:03 Elite Jaguar Warrior
40:41 Crop Rotation
Connection lost

Rejoining the realm…

Still unreachable

The connection could not be restored.

Session expired

The server has moved on; the page needs a fresh start.